 Dungeon Crawl Stone Soup version 0.30-a0-953-g5f1da4a474 (webtiles) character file.

Game seed: 4995469614679055178

1737 NinjaNoafa the Summoner (level 8, 0/31 HPs)
             Began as a Felid Summoner on Mar 28, 2023.
             Was an Initiate of Gozag.
             Slain by a wight
             ... wielding a +1 spear of freezing
              (1 damage)
             ... on level 8 of the Dungeon.
             The game lasted 00:11:17 (7359 turns).

NinjaNoafa the Summoner (Felid Summoner)            Turns: 7359, Time: 00:11:17

Health: 0/31       AC:  2    Str:  4    XL:     8   Next: 76%
Magic:  18/21      EV: 17    Int: 24    God:    Gozag
Gold:   569        SH:  0    Dex: 17    Spells: 10/23 levels left
                                        Lives:  0   Deaths: 2

rFire   . . .      SeeInvis +    (weapon unavailable)
rCold   . . .      Faith    .    (shield unavailable)
rNeg    . . .      Spirit   .    (body armour unavailable)
rPois   .          Reflect  .    (helmet unavailable)
rElec   .          Rampage  .    (cloak unavailable)
rCorr   .                        (gloves unavailable)
Will    +....                    (boots unavailable)
Stlth   ++                       (no amulet)
HPRegen 0.25/turn                m - +6 ring of intelligence
MPRegen 0.17/turn                (no ring)

@: quick
A: very small, claws 1, fangs 3, see invisible, speed 1, shaggy fur 2, stealthy
paws, no weapons or thrown items, no armour, multi-lived
a: Renounce Religion, Potion Petition, Call Merchant, Bribe Branch


You were on level 8 of the Dungeon.
You worshipped Gozag.
Gozag was pleased with you.
You visited 2 branches of the dungeon, and saw 9 of its levels.

You collected 710 gold pieces.
You spent 98 gold pieces at shops.
You paid 43 gold pieces to Gozag.

Inventory:

Jewellery
 m - a +6 ring of intelligence (left paw)
Wands
 s - a wand of charming (9)
 t - a wand of iceblast (8)
 v - a wand of polymorph (8)
 y - a wand of flame (7)
Scrolls
 b - a scroll of immolation
 d - 2 scrolls of identify
 e - 2 scrolls of blinking
 i - 4 scrolls of teleportation
 j - 2 scrolls of amnesia
 k - 2 scrolls of poison
 r - a scroll of vulnerability
 u - a scroll of magic mapping
 w - a scroll of noise {unknown}
 x - a scroll of fog {unknown}
Potions
 a - a potion of magic
 c - 3 potions of ambrosia
 f - 3 potions of berserk rage
 g - 3 potions of haste
 h - 2 potions of might
 l - 5 potions of curing
 n - a potion of heal wounds
 o - 3 potions of lignification
 p - a potion of brilliance
 q - 2 potions of cancellation


   Skills:
 - Level 2.6 Dodging
 - Level 2.6 Stealth
 + Level 8.2 Spellcasting
 - Level 5.0 Hexes
 + Level 9.6 Summonings
 + Level 3.9 Air Magic


You had 10 spell levels left.
You knew the following spells:

 Your Spells              Type           Power      Damage    Failure   Level
a - Summon Small Mammal   Summ           100%       N/A       1%          1
b - Call Imp              Summ           54%        N/A       1%          2
c - Call Canine Familiar  Summ           54%        N/A       1%          3
d - Summon Guardian Gole  Hex/Summ       45%        N/A       1%          3
e - Summon Lightning Spi  Summ/Air       42%        N/A       3%          4

Your spell library contained the following spells:

 Spells                   Type           Power      Damage    Failure   Level


Dungeon Overview and Level Annotations

Branches:
Dungeon (8/15)             Temple (1/1) D:4
   Lair: D:8-11

Altars:
Ashenzari
Dithmenos
Elyvilon
Fedhas
Gozag
Hepliaklqana
Kikubaaqudgha
Makhleb
Nemelex Xobeh
Okawaru
Ru
Sif Muna
Trog
Uskayaw
Vehumet
Wu Jian
Xom
Yredelemnul
Zin
The Shining One

Shops:
D:3 ?

Annotations:
D:3 2 transporters
D:8 3 runed translucent doors


Innate Abilities, Weirdness & Mutations

You have sharp claws.
You have razor-sharp teeth.
You have supernaturally acute eyesight. (SInv)
You cover ground quickly. (Speed+)
You are covered in thick fur. (AC +2)
Your paws help you pounce on unaware monsters.
You are incapable of wielding weapons or throwing items.
You cannot wear armour.
You gain extra lives every three experience levels.


Message History

You see here a +0 ring mail.
A jelly comes into view.
The jelly quivers.
A jelly is nearby!
A jelly is nearby!
A jelly is nearby!
A jelly is nearby!
A jelly is nearby!
Casting: Summon Lightning Spire (quite dangerous; 3% risk of failure)
Confirm with . or Enter, or press ? or * to list all spells.
An electric hum fills the air.
Found a bone wand.
Your lightning spire shoots out a bolt of lightning at the jelly!
The bolt of electricity hits the jelly!
The jelly hits your lightning spire but does no damage.
The jelly hits your lightning spire but does no damage.
The jelly hits your lightning spire but does no damage.
Found a pair of boots.
y - a wand of flame (7)
A wight comes into view. It is wielding a +1 spear of freezing.
A wight is nearby!
A wight is nearby!
A wight is nearby!
Casting: Summon Lightning Spire (quite dangerous; 3% risk of failure)
Confirm with . or Enter, or press ? or * to list all spells.
An electric hum fills the air.
The wight closely misses you.
Something hits your lightning spire but does no damage.
Something hits your lightning spire but does no damage.
The wight hits you from afar with a +1 spear of freezing!
The wight freezes you. The wight completely misses you.
The wight hits you from afar with a +1 spear of freezing!
* * * LOW HITPOINT WARNING * * *
The wight freezes you.
* * * LOW HITPOINT WARNING * * *
The wight hits you from afar with a +1 spear of freezing!
* * * LOW HITPOINT WARNING * * *
The wight freezes you.
You die...
Your body crumbles into a pile of gold.

#############
#.@.........#
#8#########.#
#z ######.##
#. #.......#
..
....####..#
#. # #..# ..
#..# #. #..#
#######..#


You could see a wight and a friendly lightning spire (summoned).

Vanquished Creatures
  A sleepcap (D:4)
  A giant cockroach (D:3)
  A bat (D:3)
3 creatures vanquished.

Vanquished Creatures (collateral kills)
  A cyclops (D:8)
  2 steam dragons (D:8)
  Edmund (D:6)
  An ice beast (D:7)
  2 centaurs
  A phantom (D:6)
  2 bullfrogs
  6 scorpions
  4 wights (D:6)
  4 hounds
  4 orc priests
  A gnoll bouda (D:7)
  3 jellies
  4 iguanas
  3 orc wizards
  5 gnolls
  5 adders
  A shadow imp (D:6)
  3 white imps
  An ufetubus (D:5)
  A worm (D:3)
  2 dart slugs
  14 orcs
  7 ball pythons
  6 bats
  9 endoplasms
  2 giant cockroaches (D:1)
  3 goblins
  6 hobgoblins
  2 jackals (D:5)
  2 quokkas
  3 frilled lizards
  4 kobolds
  7 rats
122 creatures vanquished.

Vanquished Creatures (others)
  A troll (D:5)
  Prince Ribbit (D:7)
  A gnoll sergeant (D:8)
  A scorpion (D:5)
  3 iguanas
  An orc wizard (D:5)
  A gnoll (D:8)
9 creatures vanquished.

Grand Total: 134 creatures vanquished

Notes
Turn   | Place    | Note
-------+----------+-------------------------------------------
     0 | D:1      | NinjaNoafa the Felid Summoner began the quest for the Orb.
     0 | D:1      | Reached XP level 1. HP: 7/7 MP: 4/4
   202 | D:1      | Reached XP level 2. HP: 11/11 MP: 4/6
   205 | D:1      | Learned a level 2 spell: Call Imp
   761 | D:2      | Identified the +1 shortbow of Litaxits {heavy, Fragile
                  | rElec Str+3 Dex+4}
   802 | D:2      | Reached XP level 3. HP: 10/14 MP: 1/8
   808 | D:2      | Learned a level 3 spell: Call Canine Familiar
   966 | D:2      | Found a faded altar of an unknown god.
  1471 | D:3      | Reached skill level 5 in Summonings
  1471 | D:3      | Reached XP level 4. HP: 18/18 MP: 2/9
  1490 | D:3      | Found a burning altar of Makhleb.
  1511 | D:3      | Found a transporter.
  1531 | D:3      | Found a transporter.
  1654 | D:3      | Found a shadowy altar of Dithmenos.
  2020 | D:3      | Found Gekh's Magic Scroll Emporium.
  2028 | D:3      | Bought a scroll of identify for 28 gold pieces
  2028 | D:3      | Bought a scroll of identify for 28 gold pieces
  2028 | D:3      | Bought a scroll of teleportation for 42 gold pieces
  2540 | D:3      | Reached XP level 5. HP: 7/21 MP: 1/11
  3054 | D:4      | Gained mutation: You are covered in thick fur. (AC +2)
                  | [Felid growth]
  3054 | D:4      | Reached XP level 6. HP: 24/24 MP: 11/13
  3062 | D:4      | Reached skill level 6 in Summonings
  3297 | D:4      | Found a staircase to the Ecumenical Temple.
  3324 | Temple   | Entered the Ecumenical Temple
  3324 | Temple   | Found a transporter.
  3324 | Temple   | Found a transporter.
  3326 | Temple   | Found a transporter.
  3326 | Temple   | Found a transporter.
  3347 | Temple   | Became a worshipper of Gozag Ym Sagoz the Greedy
  3655 | D:5      | Entered Level 5 of the Dungeon
  3679 | D:4      | Learned a level 3 spell: Summon Guardian Golem
  3765 | D:5      | Reached skill level 5 in Spellcasting
  3813 | D:5      | Reached skill level 1 in Hexes
  3821 | D:5      | Reached XP level 7. HP: 17/27 MP: 5/15
  4012 | D:5      | Noticed a troll
  4064 | D:5      | Killed a troll
  4065 | D:5      | Reached skill level 7 in Summonings
  4351 | D:5      | Found a hazy altar of Hepliaklqana.
  4352 | D:5      | Found a shimmering altar of Xom.
  4353 | D:5      | Noticed a spectral ugly thing
  4371 | D:5      | Reached XP level 8. HP: 31/31 MP: 11/17
  4384 | D:5      | Killed by an exploding themself... ignited by their inner
                  | flame
  4385 | D:5      | Reached XP level 7. HP: -15/27 MP: 9/16
  4478 | D:5      | Found a sparkling altar of Nemelex Xobeh.
  4658 | D:6      | Reached skill level 5 in Hexes
  4686 | D:6      | Noticed Edmund
  4702 | D:6      | Killed Edmund
  4703 | D:6      | Reached skill level 8 in Summonings
  4797 | D:6      | Reached XP level 8. HP: 31/31 MP: 10/19
  4949 | D:6      | Reached skill level 1 in Air Magic
  5940 | D:6      | Learned a level 4 spell: Summon Lightning Spire
  6435 | D:7      | Noticed Prince Ribbit
  6451 | D:7      | Killed Prince Ribbit
  6452 | D:7      | Reached skill level 9 in Summonings
  6887 | D:8      | Found a runed translucent gate.
  6888 | D:8      | Found a runed translucent gate.
  6897 | D:8      | Found a runed translucent gate.
  6897 | D:8      | Found an opulent altar of Gozag.
  6917 | D:8      | Noticed a cyclops
  6933 | D:8      | Hit by a large rock thrown by a cyclops
  6934 | D:8      | Reached XP level 7. HP: -2/27 MP: 10/19
  7010 | D:8      | Killed a cyclops
  7011 | D:8      | Reached XP level 8. HP: 31/31 MP: 16/20
  7359 | D:8      | HP: 1/31 [wight/+1 spear of freezing (11)]
  7359 | D:8      | Slain by a wight

Illustrated notes

Levels and vault maps discovered:
D:1:      nzn_arrival_crosshair, layout_basic, minmay_misc_feat_iff
D:2:      layout_loops_ring, basic_ecumenical_altar, hangedman_decor_peaks_small
D:3:      gammafunk_wand_slinger, layout_basic,
          grunt_dithmenos_smoke_and_mirrors, marbit_many_paths, serial_shops,
          shop
D:4:      layout_basic, minmay_temple_entry_drinking_statues
D:5:      layout_rooms, regret_index_temple_of_mockery,
          mainiacjoe_overflow_brackets
D:6:      layout_layer_cave, uniq_edmund
D:7:      layout_loops_ring, hangedman_glass_teeth,
          kennysheep_decorative_pillar, uniq_prince_ribbit1
D:8:      layout_loops_ring, ebering_ghost_gozag
Temple:   hellmonk_temple_divided_pantheon

Skill      XL: |  1  2  3  4  5  6  7  8 |
---------------+-------------------------+-----
Spellcasting   | 3 4 5 6 8 |  8.2
Summonings     | 5 6 8 9 |  9.6
Hexes          | 1 5 |  5.0
Air Magic      | 3 2 |  3.9
Dodging        | |  2.6
Stealth        | |  2.6

Action                     |  1- 3 |  4- 6 |  7- 9 || total
---------------------------+-------+-------+-------++-------
  Melee: Unarmed           |    13 |     9 |     1 ||    23
         Bite              |     1 |       |       ||     1
   Cast: Summon Small Mamm |    37 |    11 |    17 ||    65
         Call Imp          |     8 |    12 |    10 ||    30
         Call Canine Famil |     5 |    21 |    20 ||    46
         Summon Guardian G |       |     2 |    19 ||    21
         Summon Lightning  |       |       |    14 ||    14
    Use: Scroll            |       |    10 |     7 ||    17
   Stab: Sleeping          |       |     1 |       ||     1
         Betrayed ally     |       |       |     1 ||     1
 Armour: Skin              |     3 |     1 |     2 ||     6
  Dodge: Dodged            |    68 |    33 |    25 ||   126

Table legend: (Time is in decaauts)
 A = Elapsed time spent in this place.
 B = Non-inter-level travel time spent in this place.
 C = Inter-level travel time spent in this place.
 D = Time resting spent in this place.
 E = Time spent auto-exploring this place.
 F = Levels seen in this place.
 G = Mean time per level.
                   A        B        C        D        E       F      G
               +--------+--------+--------+--------+--------+-----+--------+
         Total |   6146 |   5639 |    507 |      0 |   3773 |   9 |  682.9 |
       Dungeon |   6105 |   5610 |    495 |      0 |   3768 |   8 |  763.1 |
        Temple |     40 |     28 |     12 |      0 |      4 |   1 |   40.0 |
               +--------+--------+--------+--------+--------+-----+--------+

Top non-repeatable levels by time:
     D:3: 1142 daAuts
     D:6: 1136 daAuts
     D:5: 760 daAuts
     D:7: 733 daAuts
     D:4: 722 daAuts
     D:2: 606 daAuts
     D:1: 601 daAuts
     D:8: 401 daAuts
  Temple: 40 daAuts
